Wild vs Capitals

Created - November-26-14 at 17:49

Goals
1 2 3 T
Wild 0 0 0 0
Capitals 4 0 3 7
Shots
1 2 3 T
Wild 8 10 10 28
Capitals 18 9 14 41

1st period

1. Capitals , Matt Stajan 8 (Jay Harrison, Taylor Hall) at 1:50 (PP)
2. Capitals , Mike Green 7 (Ryane Clowe) at 4:54 (PP)
3. Capitals , Tomas Fleischmann 5 (Matt Stajan, Mike Green) at 10:34 (PP)
4. Capitals , Jiri Tlusty 4 (Mathieu Perreault, Ryan McDonagh) at 11:41

Penalties :
Erik Cole (MIN) for High sticking (Minor) at 1:22, Fedor Tyutin (MIN) for Tripping (Minor) at 3:22, Alexander Semin (WSH) for Roughing (Minor) at 4:56, Fedor Tyutin (MIN) for Goalie Interference (Minor) at 9:04, Mikko Koivu (MIN) for Roughing (Minor) at 12:40, Pierre-Marc Bouchard (MIN) for Tripping (Minor) at 19:46

2nd period

No Goal

Penalties :
Ryan McDonagh (WSH) for Holding (Minor) at 2:30, Nate Guenin (WSH) for Delaying the game (Minor) at 9:10, Erik Cole (MIN) for Holding (Minor) at 11:44, Bobby Ryan (MIN) for Hooking (Minor) at 13:51, Alexander Ovechkin (WSH) for Tripping (Minor) at 16:54

3rd period

5. Capitals , Daniel Briere 2 (Tomas Fleischmann, Alexander Ovechkin) at 1:33
6. Capitals , Ryan McDonagh 8 (Alexander Semin, David Desharnais) at 8:08 (PP)
7. Capitals , Mathieu Perreault 2 (Jiri Tlusty, Morgan Rielly) at 9:46

Penalties :
Erik Cole (MIN) for Hooking (Minor) at 7:04, Josh Harding (MIN) for Slashing (Minor) at 7:28 - Rob Scuderi served the penalty., Corey Potter (WSH) for Hooking (Minor) at 10:20, Ryane Clowe (WSH) for Holding Stick (Minor) at 13:57, Mike Green (WSH) for Hooking (Minor) at 15:51

Goalie Stats

Josh Harding (MIN), 26 saves from 29 shots - (0.897), 48:19 minutes
Jonas Gustavsson (MIN), 8 saves from 12 shots - (0.667), L, 2-2-0, 11:41 minutes
James Reimer (WSH), 28 saves from 28 shots - (1.000), W, 7-4-0, 60:00 minutes

Players Stats for Wild

Player Name              G  A  P  +/- PIM S  H  SB GA TA FO     MP     PP MP  PK MP  
------------------------------------------------------------------------------------
Bobby Ryan               0  0  0  -2  2   4  1  0  0  0  6/15   18:33   6:43   0:28 
Chris Conner             0  0  0  -1  0   1  0  0  0  0  0/0    11:31   0:00   1:38 
Chris Phillips           0  0  0  -1  0   1  4  6  0  0  0/0    16:23   0:00   7:36 
Daniel Alfredsson        0  0  0   0  0   1  1  0  0  0  1/2    18:12   7:05   0:00 
Erik Cole                0  0  0  -1  6   1  2  1  0  0  0/0    15:12   0:10   5:12 
Fedor Tyutin             0  0  0   0  4   1  1  0  0  0  0/0    20:08   5:19   1:06 
Jesse Winchester         0  0  0   0  0   0  0  0  0  0  7/20    7:53   0:00   7:53 
John-Michael Liles       0  0  0  -1  0   4  0  0  0  0  0/0    20:38   5:50   6:01 
Marco Scandella          0  0  0   0  0   0  0  1  0  0  0/0    21:11   1:15   6:14 
Marian Gaborik           0  0  0  -2  0   5  0  0  0  0  0/1    18:06   6:43   0:00 
Mark Streit              0  0  0  -2  0   2  0  1  0  0  0/0    17:30   7:36   0:00 
Michael Ryder            0  0  0   0  0   1  0  0  0  0  0/3    17:50   6:43   0:00 
Michael Stone            0  0  0  -2  0   1  0  0  0  0  0/0    17:39   7:36   0:12 
Mikko Koivu              0  0  0   0  2   5  0  0  0  0  14/22  25:10   7:05   6:59 
Milan Michalek           0  0  0  -2  0   0  2  2  0  0  1/1    18:18   6:55   0:00 
Pierre-Marc Bouchard     0  0  0  -1  2   1  0  0  0  0  10/17  14:40   0:00   4:48 
Rob Scuderi              0  0  0   0  0   0  0  3  0  0  0/0     6:29   0:00   6:29 
Rostislav Klesla         0  0  0   0  0   0  0  0  0  0  0/0     0:00   0:00   0:00 

Players Stats for Capitals

Player Name              G  A  P  +/- PIM S  H  SB GA TA FO     MP     PP MP  PK MP  
------------------------------------------------------------------------------------
Alexander Ovechkin       0  1  1   1  2   2  6  0  0  0  2/3    22:05   6:22   1:28 
Alexander Semin          0  1  1   0  2   2  0  1  0  0  1/1    19:54   6:22   3:36 
Cody Eakin               0  0  0   2  0   1  1  0  0  0  1/1    10:27   0:00   0:00 
Corey Potter             0  0  0   1  2   0  0  0  0  0  0/0     3:45   0:00   1:15 
Daniel Briere            1  0  1   1  0   2  0  0  0  0  2/6     5:17   0:00   0:58 
David Desharnais         0  1  1   0  0   1  0  0  0  0  11/22  16:19   6:22   0:00 
Dmitri Orlov             0  0  0   0  0   2  1  1  0  0  0/0    20:29   6:33   6:43 
Jay Harrison             0  1  1   2  0   1  4  0  0  0  0/0    12:00   0:28   0:00 
Jiri Tlusty              1  1  2   2  0   3  1  0  0  0  4/5    14:49   0:00   4:22 
Mathieu Perreault        1  1  2   2  0   4  1  0  0  0  0/7    10:27   0:00   0:00 
Matt Stajan              1  1  2   0  0   4  2  0  0  0  19/34  23:35   7:27   8:28 
Mike Green               1  1  2   0  2   5  0  1  0  0  0/0    22:36   6:33   4:56 
Morgan Rielly            0  1  1   2  0   1  2  0  0  0  0/0    13:48   0:00   2:16 
Nate Guenin              0  0  0   0  2   1  1  1  0  0  0/0    13:35   0:00   6:23 
Ryan McDonagh            1  1  2   1  2   7  0  0  0  0  0/0    26:27   6:48   6:02 
Ryane Clowe              0  1  1   0  2   0  6  0  0  0  1/1    15:06   7:27   0:00 
Taylor Hall              0  1  1   0  0   2  0  0  0  0  0/0    23:35   7:16   8:39 
Tomas Fleischmann        1  1  2   1  0   3  0  0  0  0  1/1    11:46   7:27   0:00 

3 Stars

1 - James Reimer (WSH)
2 - Jiri Tlusty (WSH)
3 - Mathieu Perreault (WSH)

Power Play

Wild - 0 on 7 Attempt(s) - 0.00%
Capitals - 4 on 9 Attempt(s) - 44.44%

Penalty Kill

Wild - 5 on 9 Attempt(s) - 55.56% - Score 0 goal in Penalty Kill
Capitals - 7 on 7 Attempt(s) - 100.00% - Score 0 goal in Penalty Kill

Official

Referees : Brad Watson and Greg Kimmerly
Linesman : Tony Sericolo and Jonny Murray

Game Notes

Josh Harding enters game at 11:41 of 1st period

Finance

Level 1 -- Attendance: 2393 (36.82%) -- Ticket Income $598,250
Level 2 -- Attendance: 1521 (30.42%) -- Ticket Income $304,200
Level 3 -- Attendance: 880 (25.14%) -- Ticket Income $154,000
Level 4 -- Attendance: 651 (24.36%) -- Ticket Income $97,650
Luxury Box -- Attendance: 409 (40.90%) -- Ticket Income $163,600
Game was played at the Verizon Center
Total Attendance: 5854 (31.35%)
Total Ticket Income: $1,317,700
Other Income: $197,655
Total Income: $1,515,355

% Time on Ice - Wild

Lines # - Real PCT - Wanted PCT - Time Play
Normal Forward
1 - 34% - 42% - 11:07
2 - 35% - 42% - 11:23
3 - 31% - 11% - 9:53
4 - 0% - 5% - 0:00
Normal Defense
1 - 42% - 40% - 13:42
2 - 30% - 30% - 9:51
3 - 27% - 25% - 8:47
4 - 0% - 5% - 0:03
PP Forward
1 - 51% - 52% - 7:05
2 - 49% - 48% - 6:43
PP Defense
1 - 55% - 50% - 7:36
2 - 45% - 50% - 6:12
PK Forward
1 - 46% - 50% - 6:06
2 - 54% - 50% - 7:03
PK Defense
1 - 54% - 50% - 7:08
2 - 46% - 50% - 6:01
PK3 Forward
1 - 0% - 50% - 0:00
2 - 100% - 50% - 0:40
PK3 Defense
1 - 70% - 50% - 0:28
2 - 30% - 50% - 0:12
44 Forward
1 - 0% - 50%
2 - 0% - 50%
44 Defense
1 - 0% - 48%
2 - 0% - 52%
Last Minute Offensive  - 0:00
Last Minute Defensive  - 0:00
Total
Forward - 60:00
Defense - 60:00

% Time on Ice - Capitals

Lines # - Real PCT - Wanted PCT - Time Play
Normal Forward
1 - 31% - 36% - 9:57
2 - 24% - 33% - 7:40
3 - 32% - 16% - 10:27
4 - 13% - 15% - 4:19
Normal Defense
1 - 34% - 40% - 11:07
2 - 22% - 30% - 7:13
3 - 36% - 20% - 11:32
4 - 8% - 10% - 2:31
PP Forward
1 - 46% - 60% - 6:22
2 - 54% - 40% - 7:27
PP Defense
1 - 53% - 60% - 7:16
2 - 47% - 40% - 6:33
PK Forward
1 - 69% - 60% - 9:25
2 - 31% - 40% - 4:18
PK Defense
1 - 59% - 60% - 8:05
2 - 41% - 40% - 5:38
PK3 Forward
1 - 100% - 60% - 0:05
2 - 0% - 40% - 0:00
PK3 Defense
1 - 0% - 60% - 0:00
2 - 100% - 40% - 0:05
44 Forward
1 - 0% - 60%
2 - 0% - 40%
44 Defense
1 - 0% - 60%
2 - 0% - 40%
Last Minute Offensive  - 0:00
Last Minute Defensive  - 0:00
Total
Forward - 60:00
Defense - 60:00

Play by Play

1st period


0:01 of 1st period - David Desharnais wins face-off versus Michael Ryder in neutral zone.
1:07 of 1st period - Shot by Bobby Ryan.
1:07 of 1st period - Shot Misses the Net.
1:09 of 1st period - Shot by Michael Stone.
1:09 of 1st period - Shot Blocked by Alexander Semin.
1:18 of 1st period - Icing by Mike Green.
1:19 of 1st period - Alexander Ovechkin wins face-off versus Pierre-Marc Bouchard in Capitals zone.
1:19 of 1st period - Alexander Ovechkin is hit by Erik Cole.
1:22 of 1st period - Minor Penalty to Erik Cole for High sticking.
1:23 of 1st period - Tomas Fleischmann wins face-off versus Jesse Winchester in Wild zone.
1:50 of 1st period - Shot by Jay Harrison.
1:50 of 1st period - Deflect By Matt Stajan.
1:50 of 1st period - Goal by Matt Stajan - Wild : 0 - Capitals : 1.
1:51 of 1st period - Bobby Ryan wins face-off versus Mathieu Perreault in neutral zone.
2:05 of 1st period - Shot by Nate Guenin.
2:05 of 1st period - Stopped by Jonas Gustavsson with a rebound.
2:31 of 1st period - Marian Gaborik is hit by Nate Guenin and loses puck.
2:35 of 1st period - Icing by Nate Guenin.
2:36 of 1st period - Pierre-Marc Bouchard wins face-off versus Mathieu Perreault in Capitals zone.
2:50 of 1st period - Shot by Chris Phillips.
2:50 of 1st period - Shot Misses the Net.
2:52 of 1st period - Shot by Pierre-Marc Bouchard.
2:52 of 1st period - Stopped by James Reimer without a rebound.
2:53 of 1st period - Mikko Koivu wins face-off versus Matt Stajan in Capitals zone.
3:22 of 1st period - Minor Penalty to Fedor Tyutin for Tripping.
3:23 of 1st period - David Desharnais wins face-off versus Jesse Winchester in Wild zone.
3:40 of 1st period - Shot by Alexander Ovechkin.
3:40 of 1st period - Shot Misses the Net.
3:42 of 1st period - Shot by Ryan McDonagh.
3:42 of 1st period - Shot Blocked by Erik Cole.
3:44 of 1st period - Shot by Taylor Hall.
3:44 of 1st period - Shot Blocked by Rob Scuderi.
3:46 of 1st period - Shot by Taylor Hall.
3:46 of 1st period - Stopped by Jonas Gustavsson without a rebound.
3:47 of 1st period - Ryane Clowe wins face-off versus Pierre-Marc Bouchard in Wild zone.
3:48 of 1st period - Shot by Dmitri Orlov.
3:48 of 1st period - Shot Blocked by Marco Scandella.
3:50 of 1st period - Shot by Ryane Clowe.
3:50 of 1st period - Shot Misses the Net.
4:12 of 1st period - Shot by Matt Stajan.
4:12 of 1st period - Stopped by Jonas Gustavsson without a rebound.
4:13 of 1st period - Jesse Winchester wins face-off versus David Desharnais in Wild zone.
4:13 of 1st period - Jesse Winchester is hit by Alexander Ovechkin.
4:23 of 1st period - Shot by Taylor Hall.
4:23 of 1st period - Shot Misses the Net.
4:25 of 1st period - Shot by Ryan McDonagh.
4:25 of 1st period - Stopped by Jonas Gustavsson with a rebound.
4:27 of 1st period - Shot by Ryan McDonagh.
4:27 of 1st period - Stopped by Jonas Gustavsson with a rebound.
4:29 of 1st period - Shot by David Desharnais.
4:29 of 1st period - Shot Misses the Net.
4:31 of 1st period - Shot by David Desharnais.
4:31 of 1st period - Stopped by Jonas Gustavsson without a rebound.
4:32 of 1st period - Matt Stajan wins face-off versus Mikko Koivu in Wild zone.
4:49 of 1st period - Chris Phillips is hit by Ryane Clowe and loses puck.
4:54 of 1st period - Shot by Mike Green.
4:54 of 1st period - Goal by Mike Green - Wild : 0 - Capitals : 2.
4:55 of 1st period - Bobby Ryan wins face-off versus David Desharnais in neutral zone.
4:55 of 1st period - Bobby Ryan is hit by Alexander Ovechkin.
4:56 of 1st period - Minor Penalty to Alexander Semin for Roughing.
4:57 of 1st period - Matt Stajan wins face-off versus Mikko Koivu in Capitals zone.
5:03 of 1st period - Icing by Mikko Koivu.
5:04 of 1st period - Mikko Koivu wins face-off versus Matt Stajan in Wild zone.
5:47 of 1st period - Shot by Mikko Koivu.
5:47 of 1st period - Deflect By Daniel Alfredsson.
5:47 of 1st period - Shot Misses the Net.
6:06 of 1st period - Dmitri Orlov is hit by Bobby Ryan and loses puck.
6:29 of 1st period - Shot by John-Michael Liles.
6:29 of 1st period - Deflect By Bobby Ryan.
6:29 of 1st period - Stopped by James Reimer without a rebound.
6:30 of 1st period - Matt Stajan wins face-off versus Daniel Alfredsson in Capitals zone.
7:06 of 1st period - Jay Harrison is hit by Erik Cole and loses puck.
7:15 of 1st period - Shot by Chris Conner.
7:15 of 1st period - Shot Misses the Net.
7:29 of 1st period - Shot by Erik Cole.
7:29 of 1st period - Stopped by James Reimer without a rebound.
7:30 of 1st period - Bobby Ryan wins face-off versus Mathieu Perreault in Capitals zone.
7:33 of 1st period - Shot by Marian Gaborik.
7:33 of 1st period - Stopped by James Reimer without a rebound.
7:34 of 1st period - Milan Michalek wins face-off versus Matt Stajan in Capitals zone.
7:47 of 1st period - Shot by Bobby Ryan.
7:47 of 1st period - Stopped by James Reimer with a rebound.
7:53 of 1st period - John-Michael Liles is hit by Ryane Clowe and loses puck.
8:32 of 1st period - Shot by Mikko Koivu.
8:32 of 1st period - Stopped by James Reimer without a rebound.
8:33 of 1st period - Pierre-Marc Bouchard wins face-off versus Daniel Briere in Capitals zone.
8:37 of 1st period - Icing by Nate Guenin.
8:38 of 1st period - Mikko Koivu wins face-off versus Daniel Briere in Capitals zone.
8:41 of 1st period - Shot by Mikko Koivu.
8:41 of 1st period - Stopped by James Reimer with a rebound.
8:56 of 1st period - Tomas Fleischmann is hit by Fedor Tyutin and loses puck.
9:04 of 1st period - Minor Penalty to Fedor Tyutin for Goalie Interference.
9:05 of 1st period - Jesse Winchester wins face-off versus David Desharnais in Wild zone.
9:35 of 1st period - Chris Phillips is hit by Alexander Ovechkin and loses puck.
9:40 of 1st period - Shot by Alexander Semin.
9:40 of 1st period - Stopped by Jonas Gustavsson without a rebound.
9:41 of 1st period - Jesse Winchester wins face-off versus Matt Stajan in Wild zone.
10:03 of 1st period - Icing by Tomas Fleischmann.
10:04 of 1st period - Matt Stajan wins face-off versus Jesse Winchester in Capitals zone.
10:11 of 1st period - John-Michael Liles is hit by Ryane Clowe and loses puck.
10:30 of 1st period - Shot by Mike Green.
10:30 of 1st period - Shot Misses the Net.
10:32 of 1st period - Shot by Matt Stajan.
10:32 of 1st period - Stopped by Jonas Gustavsson with a rebound.
10:34 of 1st period - Shot by Tomas Fleischmann.
10:34 of 1st period - Goal by Tomas Fleischmann - Wild : 0 - Capitals : 3.
10:35 of 1st period - David Desharnais wins face-off versus Bobby Ryan in neutral zone.
10:46 of 1st period - Shot by Alexander Ovechkin.
10:46 of 1st period - Shot Misses the Net.
10:50 of 1st period - Shot by Morgan Rielly.
10:50 of 1st period - Shot Misses the Net.
10:52 of 1st period - Shot by Alexander Ovechkin.
10:52 of 1st period - Shot Hit the Post.
11:39 of 1st period - Shot by Mathieu Perreault.
11:39 of 1st period - Shot Misses the Net.
11:41 of 1st period - Shot by Jiri Tlusty.
11:41 of 1st period - Goal by Jiri Tlusty - Wild : 0 - Capitals : 4.
11:41 of 1st period - Josh Harding enters game.
11:42 of 1st period - Matt Stajan wins face-off versus Mikko Koivu in neutral zone.
12:18 of 1st period - Shot by Michael Ryder.
12:18 of 1st period - Shot Misses the Net.
12:40 of 1st period - Minor Penalty to Mikko Koivu for Roughing.
12:41 of 1st period - Jesse Winchester wins face-off versus David Desharnais in Wild zone.
12:58 of 1st period - Shot by Alexander Ovechkin.
12:58 of 1st period - Stopped by Josh Harding without a rebound.
12:59 of 1st period - David Desharnais wins face-off versus Jesse Winchester in Wild zone.
12:59 of 1st period - Alexander Ovechkin is hit by Chris Phillips and loses puck.
13:10 of 1st period - Shot by Mike Green.
13:10 of 1st period - Stopped by Josh Harding without a rebound.
13:11 of 1st period - David Desharnais wins face-off versus Pierre-Marc Bouchard in Wild zone.
13:14 of 1st period - Shot by Ryan McDonagh.
13:14 of 1st period - Stopped by Josh Harding with a rebound.
13:16 of 1st period - Shot by Taylor Hall.
13:16 of 1st period - Stopped by Josh Harding without a rebound.
13:17 of 1st period - Matt Stajan wins face-off versus Pierre-Marc Bouchard in Wild zone.
13:26 of 1st period - Pierre-Marc Bouchard is hit by Ryane Clowe and loses puck.
14:07 of 1st period - Ryane Clowe is hit by Chris Phillips and loses puck.
14:35 of 1st period - Off-side.
14:36 of 1st period - Jesse Winchester wins face-off versus David Desharnais in neutral zone.
15:13 of 1st period - Shot by Cody Eakin.
15:13 of 1st period - Stopped by Josh Harding with a rebound.
15:44 of 1st period - Icing by Mathieu Perreault.
15:45 of 1st period - Pierre-Marc Bouchard wins face-off versus Mathieu Perreault in Capitals zone.
16:08 of 1st period - Chris Conner is hit by Alexander Ovechkin and loses puck.
17:37 of 1st period - Shot by Bobby Ryan.
17:37 of 1st period - Stopped by James Reimer without a rebound.
17:38 of 1st period - Daniel Briere wins face-off versus Bobby Ryan in Capitals zone.
18:44 of 1st period - Icing by Morgan Rielly.
18:45 of 1st period - Mikko Koivu wins face-off versus Mathieu Perreault in Capitals zone.
18:55 of 1st period - Daniel Alfredsson is hit by Jay Harrison and loses puck.
19:27 of 1st period - Icing by Daniel Alfredsson.
19:28 of 1st period - Matt Stajan wins face-off versus Mikko Koivu in Wild zone.
19:46 of 1st period - Minor Penalty to Pierre-Marc Bouchard for Tripping.
19:47 of 1st period - Alexander Semin wins face-off versus Jesse Winchester in Wild zone.
19:48 of 1st period - Shot by Ryan McDonagh.
19:48 of 1st period - Stopped by Josh Harding without a rebound.
19:49 of 1st period - Jesse Winchester wins face-off versus David Desharnais in Wild zone.
Goals for this period are 0 for Wild vs 4 for Capitals.
Shots for this period are 8 for Wild vs 18 for Capitals.

2nd period


0:01 of 2nd period - David Desharnais wins face-off versus Jesse Winchester in neutral zone.
0:26 of 2nd period - Shot by Alexander Semin.
0:26 of 2nd period - Stopped by Josh Harding without a rebound.
0:27 of 2nd period - Matt Stajan wins face-off versus Jesse Winchester in Wild zone.
1:55 of 2nd period - Shot by Morgan Rielly.
1:55 of 2nd period - Deflect By Mathieu Perreault.
1:55 of 2nd period - Stopped by Josh Harding without a rebound.
1:56 of 2nd period - Cody Eakin wins face-off versus Pierre-Marc Bouchard in Wild zone.
1:59 of 2nd period - Shot by Jay Harrison.
1:59 of 2nd period - Stopped by Josh Harding without a rebound.
2:00 of 2nd period - Pierre-Marc Bouchard wins face-off versus David Desharnais in Wild zone.
2:09 of 2nd period - Marco Scandella is hit by Alexander Ovechkin and loses puck.
2:30 of 2nd period - Minor Penalty to Ryan McDonagh for Holding.
2:31 of 2nd period - Bobby Ryan wins face-off versus Matt Stajan in Capitals zone.
2:32 of 2nd period - Shot by Marian Gaborik.
2:32 of 2nd period - Deflect By Michael Ryder.
2:32 of 2nd period - Stopped by James Reimer with a rebound.
2:36 of 2nd period - Shot by Marian Gaborik.
2:36 of 2nd period - Shot Misses the Net.
2:56 of 2nd period - Shot by Michael Stone.
2:56 of 2nd period - Stopped by James Reimer without a rebound.
2:57 of 2nd period - Mikko Koivu wins face-off versus Matt Stajan in Capitals zone.
3:22 of 2nd period - Shot by Fedor Tyutin.
3:22 of 2nd period - Shot Misses the Net.
3:34 of 2nd period - Mike Green is hit by Milan Michalek and loses puck.
4:28 of 2nd period - Shot by Marian Gaborik.
4:28 of 2nd period - Stopped by James Reimer with a rebound.
4:30 of 2nd period - Shot by Marian Gaborik.
4:30 of 2nd period - Stopped by James Reimer with a rebound.
4:32 of 2nd period - Shot by Fedor Tyutin.
4:32 of 2nd period - Shot Misses the Net.
4:34 of 2nd period - Shot by Chris Conner.
4:34 of 2nd period - The goal is going for a video replay.
4:34 of 2nd period - The goal is refused.
4:35 of 2nd period - Pierre-Marc Bouchard wins face-off versus David Desharnais in Capitals zone.
5:49 of 2nd period - Mikko Koivu is hit by Morgan Rielly and loses puck.
6:11 of 2nd period - Fedor Tyutin is hit by Mathieu Perreault and loses puck.
6:31 of 2nd period - Marian Gaborik is hit by Jay Harrison and loses puck.
6:51 of 2nd period - Bobby Ryan is hit by Jay Harrison and loses puck.
7:27 of 2nd period - Pierre-Marc Bouchard is hit by Morgan Rielly and loses puck.
8:04 of 2nd period - Shot by Fedor Tyutin.
8:04 of 2nd period - Shot Misses the Net.
8:32 of 2nd period - Shot by Taylor Hall.
8:32 of 2nd period - Shot Misses the Net.
9:10 of 2nd period - Minor Penalty to Nate Guenin for Delaying the game.
9:11 of 2nd period - Mikko Koivu wins face-off versus Daniel Briere in Capitals zone.
9:36 of 2nd period - Shot by Mark Streit.
9:36 of 2nd period - Shot Misses the Net.
9:38 of 2nd period - Shot by Mikko Koivu.
9:38 of 2nd period - Stopped by James Reimer without a rebound.
9:39 of 2nd period - Bobby Ryan wins face-off versus Daniel Briere in Capitals zone.
10:47 of 2nd period - Shot by Mark Streit.
10:47 of 2nd period - Stopped by James Reimer without a rebound.
10:48 of 2nd period - Bobby Ryan wins face-off versus Matt Stajan in Capitals zone.
10:51 of 2nd period - Shot by Michael Ryder.
10:51 of 2nd period - Shot Misses the Net.
11:06 of 2nd period - Icing by Marian Gaborik.
11:07 of 2nd period - Jiri Tlusty wins face-off versus Marian Gaborik in Wild zone.
11:11 of 2nd period - Alexander Semin is hit by Chris Phillips and loses puck.
11:44 of 2nd period - Minor Penalty to Erik Cole for Holding.
11:45 of 2nd period - Matt Stajan wins face-off versus Jesse Winchester in Wild zone.
12:06 of 2nd period - Shot by Ryan McDonagh.
12:06 of 2nd period - Stopped by Josh Harding without a rebound.
12:07 of 2nd period - Alexander Ovechkin wins face-off versus Pierre-Marc Bouchard in Wild zone.
12:37 of 2nd period - Off-side.
12:38 of 2nd period - Matt Stajan wins face-off versus Jesse Winchester in neutral zone.
13:01 of 2nd period - Shot by Dmitri Orlov.
13:01 of 2nd period - Stopped by Josh Harding without a rebound.
13:02 of 2nd period - Jesse Winchester wins face-off versus David Desharnais in Wild zone.
13:51 of 2nd period - Minor Penalty to Bobby Ryan for Hooking.
13:52 of 2nd period - Matt Stajan wins face-off versus Jesse Winchester in Wild zone.
14:19 of 2nd period - Shot by Matt Stajan.
14:19 of 2nd period - Shot Misses the Net.
14:21 of 2nd period - Shot by Mike Green.
14:21 of 2nd period - Stopped by Josh Harding with a rebound.
14:23 of 2nd period - Shot by Mike Green.
14:23 of 2nd period - Stopped by Josh Harding without a rebound.
14:24 of 2nd period - David Desharnais wins face-off versus Jesse Winchester in Wild zone.
14:45 of 2nd period - Shot by Ryan McDonagh.
14:45 of 2nd period - Stopped by Josh Harding without a rebound.
14:46 of 2nd period - Pierre-Marc Bouchard wins face-off versus Matt Stajan in Wild zone.
15:01 of 2nd period - Pierre-Marc Bouchard is hit by Matt Stajan and loses puck.
16:01 of 2nd period - Shot by Mathieu Perreault.
16:01 of 2nd period - Stopped by Josh Harding without a rebound.
16:02 of 2nd period - David Desharnais wins face-off versus Bobby Ryan in Wild zone.
16:18 of 2nd period - Michael Stone is hit by Alexander Ovechkin and loses puck.
16:54 of 2nd period - Minor Penalty to Alexander Ovechkin for Tripping.
16:55 of 2nd period - Mikko Koivu wins face-off versus Matt Stajan in Capitals zone.
16:56 of 2nd period - Shot by Fedor Tyutin.
16:56 of 2nd period - Shot Blocked by Mike Green.
16:58 of 2nd period - Shot by Fedor Tyutin.
16:58 of 2nd period - Stopped by James Reimer with a rebound.
17:06 of 2nd period - Shot by John-Michael Liles.
17:06 of 2nd period - Stopped by James Reimer without a rebound.
17:07 of 2nd period - Matt Stajan wins face-off versus Mikko Koivu in Capitals zone.
17:28 of 2nd period - Off-side.
17:29 of 2nd period - Matt Stajan wins face-off versus Bobby Ryan in neutral zone.
17:46 of 2nd period - Shot by Mark Streit.
17:46 of 2nd period - Stopped by James Reimer with a rebound.
18:30 of 2nd period - Icing by Bobby Ryan.
18:31 of 2nd period - Jiri Tlusty wins face-off versus Bobby Ryan in Wild zone.
Goals for this period are 0 for Wild vs 0 for Capitals.
Shots for this period are 10 for Wild vs 9 for Capitals.

3rd period


0:01 of 3rd period - Matt Stajan wins face-off versus Michael Ryder in neutral zone.
0:21 of 3rd period - Mikko Koivu is hit by Ryane Clowe.
1:06 of 3rd period - Mark Streit is hit by Ryane Clowe and loses puck.
1:17 of 3rd period - Shot by David Desharnais.
1:17 of 3rd period - Shot Misses the Net.
1:19 of 3rd period - Shot by David Desharnais.
1:19 of 3rd period - Shot Misses the Net.
1:21 of 3rd period - Shot by Dmitri Orlov.
1:21 of 3rd period - Shot Misses the Net.
1:23 of 3rd period - Shot by David Desharnais.
1:23 of 3rd period - Shot Misses the Net.
1:25 of 3rd period - Shot by Dmitri Orlov.
1:25 of 3rd period - Stopped by Josh Harding without a rebound.
1:26 of 3rd period - Daniel Briere wins face-off versus Pierre-Marc Bouchard in Wild zone.
1:29 of 3rd period - Shot by Alexander Ovechkin.
1:29 of 3rd period - Stopped by Josh Harding with a rebound.
1:31 of 3rd period - Shot by Tomas Fleischmann.
1:31 of 3rd period - Shot Blocked by Chris Phillips.
1:33 of 3rd period - Shot by Daniel Briere.
1:33 of 3rd period - Goal by Daniel Briere - Wild : 0 - Capitals : 5.
1:34 of 3rd period - David Desharnais wins face-off versus Bobby Ryan in neutral zone.
1:48 of 3rd period - Shot by Dmitri Orlov.
1:48 of 3rd period - Shot Blocked by Chris Phillips.
1:50 of 3rd period - Shot by David Desharnais.
1:50 of 3rd period - Deflect By Alexander Semin.
1:50 of 3rd period - Shot Blocked by Chris Phillips.
1:52 of 3rd period - Shot by David Desharnais.
1:52 of 3rd period - Shot Misses the Net.
2:28 of 3rd period - Dmitri Orlov is hit by Daniel Alfredsson and loses puck.
2:45 of 3rd period - Shot by Mathieu Perreault.
2:45 of 3rd period - Deflect By Cody Eakin.
2:45 of 3rd period - Shot Misses the Net.
2:47 of 3rd period - Shot by Mathieu Perreault.
2:47 of 3rd period - Shot Blocked by Mark Streit.
2:55 of 3rd period - Shot by Mathieu Perreault.
2:55 of 3rd period - Stopped by Josh Harding with a rebound.
2:57 of 3rd period - Shot by Cody Eakin.
2:57 of 3rd period - Shot Misses the Net.
3:11 of 3rd period - Shot by Jiri Tlusty.
3:11 of 3rd period - Stopped by Josh Harding without a rebound.
3:12 of 3rd period - Pierre-Marc Bouchard wins face-off versus Matt Stajan in Wild zone.
3:12 of 3rd period - Pierre-Marc Bouchard is hit by Matt Stajan.
3:22 of 3rd period - Shot by Taylor Hall.
3:22 of 3rd period - Shot Misses the Net.
3:24 of 3rd period - Shot by Matt Stajan.
3:24 of 3rd period - Shot Misses the Net.
4:29 of 3rd period - Shot by Tomas Fleischmann.
4:29 of 3rd period - Stopped by Josh Harding without a rebound.
4:30 of 3rd period - Mikko Koivu wins face-off versus Mathieu Perreault in Wild zone.
4:51 of 3rd period - Shot by Daniel Alfredsson.
4:51 of 3rd period - Shot Misses the Net.
5:37 of 3rd period - Icing by Mike Green.
5:38 of 3rd period - David Desharnais wins face-off versus Bobby Ryan in Capitals zone.
6:17 of 3rd period - Shot by Marco Scandella.
6:17 of 3rd period - Deflect By Marian Gaborik.
6:17 of 3rd period - Stopped by James Reimer with a rebound.
6:35 of 3rd period - Shot by Pierre-Marc Bouchard.
6:35 of 3rd period - Shot Misses the Net.
6:37 of 3rd period - Shot by Chris Phillips.
6:37 of 3rd period - Stopped by James Reimer without a rebound.
6:38 of 3rd period - Pierre-Marc Bouchard wins face-off versus Matt Stajan in Capitals zone.
6:38 of 3rd period - Chris Phillips is hit by Jay Harrison and loses puck.
6:50 of 3rd period - Icing by Chris Conner.
6:51 of 3rd period - Pierre-Marc Bouchard wins face-off versus Mathieu Perreault in Wild zone.
6:51 of 3rd period - Pierre-Marc Bouchard is hit by Jiri Tlusty.
6:54 of 3rd period - Icing by Chris Phillips.
6:55 of 3rd period - Pierre-Marc Bouchard wins face-off versus Matt Stajan in Wild zone.
7:04 of 3rd period - Minor Penalty to Erik Cole for Hooking.
7:05 of 3rd period - Matt Stajan wins face-off versus Jesse Winchester in Wild zone.
7:18 of 3rd period - Shot by Taylor Hall.
7:18 of 3rd period - Shot Blocked by Rob Scuderi.
7:20 of 3rd period - Shot by Ryane Clowe.
7:20 of 3rd period - Shot Blocked by Chris Phillips.
7:22 of 3rd period - Shot by Ryane Clowe.
7:22 of 3rd period - Shot Blocked by Rob Scuderi.
7:24 of 3rd period - Shot by Tomas Fleischmann.
7:24 of 3rd period - Stopped by Josh Harding with a rebound.
7:26 of 3rd period - Shot by Ryan McDonagh.
7:26 of 3rd period - Shot Blocked by Chris Phillips.
7:28 of 3rd period - Shot by Matt Stajan.
7:28 of 3rd period - Stopped by Josh Harding without a rebound.
7:28 of 3rd period - Minor Penalty to Josh Harding for Slashing.
7:29 of 3rd period - Mikko Koivu wins face-off versus David Desharnais in Wild zone.
7:36 of 3rd period - Shot by Mike Green.
7:36 of 3rd period - Stopped by Josh Harding without a rebound.
7:37 of 3rd period - Mikko Koivu wins face-off versus David Desharnais in Wild zone.
8:06 of 3rd period - Shot by Alexander Semin.
8:06 of 3rd period - Shot Blocked by Chris Phillips.
8:08 of 3rd period - Shot by Ryan McDonagh.
8:08 of 3rd period - Goal by Ryan McDonagh - Wild : 0 - Capitals : 6.
8:09 of 3rd period - Matt Stajan wins face-off versus Jesse Winchester in neutral zone.
8:14 of 3rd period - Shot by Mike Green.
8:14 of 3rd period - Shot Misses the Net.
8:27 of 3rd period - Mike Green is hit by Chris Phillips and loses puck.
9:28 of 3rd period - Shot by Alexander Ovechkin.
9:28 of 3rd period - Deflect By Mathieu Perreault.
9:28 of 3rd period - Shot Blocked by Milan Michalek.
9:38 of 3rd period - Shot by Cody Eakin.
9:38 of 3rd period - Shot Misses the Net.
9:40 of 3rd period - Shot by Jay Harrison.
9:40 of 3rd period - Shot Blocked by Milan Michalek.
9:42 of 3rd period - Shot by Morgan Rielly.
9:42 of 3rd period - Stopped by Josh Harding with a rebound.
9:44 of 3rd period - Shot by Jiri Tlusty.
9:44 of 3rd period - Stopped by Josh Harding with a rebound.
9:46 of 3rd period - Shot by Jiri Tlusty.
9:46 of 3rd period - Deflect By Mathieu Perreault.
9:46 of 3rd period - Goal by Mathieu Perreault - Wild : 0 - Capitals : 7.
9:47 of 3rd period - Mikko Koivu wins face-off versus Alexander Ovechkin in neutral zone.
9:49 of 3rd period - Off-side.
9:50 of 3rd period - David Desharnais wins face-off versus Bobby Ryan in neutral zone.
10:03 of 3rd period - Shot by Bobby Ryan.
10:03 of 3rd period - Shot Misses the Net.
10:20 of 3rd period - Minor Penalty to Corey Potter for Hooking.
10:21 of 3rd period - Matt Stajan wins face-off versus Mikko Koivu in Capitals zone.
10:21 of 3rd period - Matt Stajan is hit by Milan Michalek.
10:49 of 3rd period - Shot by Mikko Koivu.
10:49 of 3rd period - Stopped by James Reimer with a rebound.
10:51 of 3rd period - Shot by John-Michael Liles.
10:51 of 3rd period - Shot Misses the Net.
10:53 of 3rd period - Shot by John-Michael Liles.
10:53 of 3rd period - Stopped by James Reimer with a rebound.
10:55 of 3rd period - Shot by Fedor Tyutin.
10:55 of 3rd period - Shot Blocked by Nate Guenin.
10:57 of 3rd period - Shot by Mikko Koivu.
10:57 of 3rd period - Shot Misses the Net.
10:59 of 3rd period - Shot by Fedor Tyutin.
10:59 of 3rd period - Shot Misses the Net.
11:01 of 3rd period - Shot by Fedor Tyutin.
11:01 of 3rd period - Shot Misses the Net.
11:33 of 3rd period - Shot by Mark Streit.
11:33 of 3rd period - Shot Misses the Net.
12:07 of 3rd period - Shot by John-Michael Liles.
12:07 of 3rd period - Shot Misses the Net.
12:09 of 3rd period - Shot by John-Michael Liles.
12:09 of 3rd period - Stopped by James Reimer without a rebound.
12:10 of 3rd period - Daniel Alfredsson wins face-off versus Matt Stajan in Capitals zone.
12:19 of 3rd period - Shot by Mikko Koivu.
12:19 of 3rd period - Shot Misses the Net.
12:49 of 3rd period - Shot by Fedor Tyutin.
12:49 of 3rd period - Shot Misses the Net.
13:03 of 3rd period - Shot by Jay Harrison.
13:03 of 3rd period - Shot Misses the Net.
13:36 of 3rd period - Off-side.
13:37 of 3rd period - Mikko Koivu wins face-off versus Matt Stajan in neutral zone.
13:57 of 3rd period - Minor Penalty to Ryane Clowe for Holding Stick.
13:58 of 3rd period - Matt Stajan wins face-off versus Michael Ryder in Capitals zone.
14:33 of 3rd period - Shot by Michael Stone.
14:33 of 3rd period - Shot Blocked by Dmitri Orlov.
14:35 of 3rd period - Shot by Michael Stone.
14:35 of 3rd period - Shot Hit the Post.
15:10 of 3rd period - Icing by Daniel Alfredsson.
15:11 of 3rd period - Matt Stajan wins face-off versus Mikko Koivu in Wild zone.
15:40 of 3rd period - Shot by Marian Gaborik.
15:40 of 3rd period - Deflect By Bobby Ryan.
15:40 of 3rd period - Shot Misses the Net.
15:49 of 3rd period - Mark Streit is hit by Dmitri Orlov and loses puck.
15:51 of 3rd period - Minor Penalty to Mike Green for Hooking.
15:52 of 3rd period - Jiri Tlusty wins face-off versus Bobby Ryan in Capitals zone.
16:04 of 3rd period - Off-side.
16:05 of 3rd period - Jiri Tlusty wins face-off versus Mikko Koivu in neutral zone.
16:26 of 3rd period - Icing by Mark Streit.
16:27 of 3rd period - Mikko Koivu wins face-off versus Jiri Tlusty in Wild zone.
17:04 of 3rd period - Shot by John-Michael Liles.
17:04 of 3rd period - Deflect By Bobby Ryan.
17:04 of 3rd period - Stopped by James Reimer with a rebound.
17:26 of 3rd period - Shot by Marian Gaborik.
17:26 of 3rd period - Stopped by James Reimer with a rebound.
17:28 of 3rd period - Shot by Bobby Ryan.
17:28 of 3rd period - Shot Misses the Net.
17:30 of 3rd period - Shot by Michael Ryder.
17:30 of 3rd period - Shot Misses the Net.
17:32 of 3rd period - Shot by John-Michael Liles.
17:32 of 3rd period - Stopped by James Reimer without a rebound.
17:33 of 3rd period - Mikko Koivu wins face-off versus Matt Stajan in Capitals zone.
17:36 of 3rd period - Shot by Daniel Alfredsson.
17:36 of 3rd period - Stopped by James Reimer with a rebound.
17:38 of 3rd period - Shot by Milan Michalek.
17:38 of 3rd period - Shot Misses the Net.
17:44 of 3rd period - Shot by Mikko Koivu.
17:44 of 3rd period - Stopped by James Reimer with a rebound.
18:04 of 3rd period - Shot by Daniel Briere.
18:04 of 3rd period - Stopped by Josh Harding with a rebound.
19:05 of 3rd period - Erik Cole is hit by Cody Eakin and loses puck.
Goals for this period are 0 for Wild vs 3 for Capitals.
Shots for this period are 10 for Wild vs 14 for Capitals.


Output by the SimonT Hockey Simulator (STHS) for Stephane Roy -- Original Page W3C XHTML 1.0 Valid
Hockey Simulator - Hockey Simulation - Hockey Manager